Map: Cyber Forest LE

Players

GOStephano (Stephano)

  • Race: Zerg Zerg
  • League: Grandmaster
  • Spawn Location: 5:00

OGZest (Zest) - Winner!

  • Race: Protoss Protoss
  • Spawn Location: 11:00

Event: HomeStory Cup XIX

VOD

Have the link to the VOD?

Description

Time

  • Played on: June 28, 2019, 1:30 p.m.
  • Length: 12:21

All games in this series

Show
View Real Time Build Order
Export as new Build Order

GOStephano Zerg 

Build Orders: Hatch First, Swarm Host, Ravager All-In 

Get SALT Encoding   

  12  0:00  Drone  
  13  0:12  Overlord  
  13  0:17  Drone  
  14  0:30  Drone  
  15  0:42  Drone  
  16  0:48  Hatchery  
  15  0:52  Drone  
  15  0:56  Drone  
  17  0:59  Drone  
  18  1:11  Extractor  
  17  1:15  Spawning Pool  
  17  1:18  Drone  
  17  1:21  Drone  
  18  1:31  Drone  
  19  1:39  Drone  
  20  1:50  Drone  
  21  2:01  Queen x2, Overlord  
  21  2:02  Zergling x2  
  26  2:14  Drone x2  
  28  2:24  Hatchery  
  28  2:27  Drone  
  28  2:29  Drone  
  29  2:34  Drone x2  
  31  2:41  Queen  
  33  2:47  Overlord  
  33  2:52  Drone  
  33  2:54  Metabolic Boost  
  34  2:58  Drone x2  
  36  3:07  Overlord  
  36  3:09  Drone x3  
  39  3:13  Drone x2  
  39  3:15  Extractor  
  40  3:20  Roach Warren  
  40  3:23  Drone  
  40  3:26  Overlord  
  40  3:29  Drone  
  40  3:31  Extractor  
  40  3:33  Drone x2  
  42  3:38  Drone x2  
  42  3:39  Drone  
  45  3:42  Zergling x2  
  45  3:43  Zergling x2  
  45  3:44  Drone  
  48  3:49  Overlord  
  48  3:51  Drone  
  48  3:54  Drone x2  
  51  3:58  Overlord  
  51  4:05  Roach x2  
  51  4:06  Roach  
  57  4:12  Roach  
  57  4:13  Roach  
  63  4:17  Roach x2  
  68  4:24  Roach x2  
  68  4:26  Drone x2  
  68  4:28  Drone x2  
  71  4:35  Drone  
  72  4:40  Overlord x2  
  72  4:45  Ravager x2  
  74  4:49  Zergling x10, Ravager x2  
  81  4:56  Ravager  
  81  4:57  Overlord  
  82  5:03  Overlord  
  82  5:07  Overlord  
  82  5:09  Roach x3  
  82  5:10  Roach x2  
  82  5:11  Zergling x2  
  82  5:12  Zergling x2  
  96  5:24  Roach x4  
  96  5:31  Drone x6  
  96  5:35  Lair  
  108  5:42  Drone x2  
  108  5:46  Evolution Chamber  
  105  5:52  Overlord  
  105  5:53  Ravager  
  105  5:55  Roach x3  
  105  5:56  Overlord  
  108  5:59  Zergling x12  
  108  6:02  Extractor, Ravager  
  108  6:03  Extractor  
  113  6:07  Zergling x6  
  116  6:15  Ravager  
  116  6:16  Zergling x4  
  119  6:21  Zergling x8  
  123  6:33  Drone x3  
  123  6:34  Glial Reconstitution  
  123  6:35  Zerg Missile Weapons Level 1  
  123  6:37  Extractor  
  123  6:38  Drone x4  
  129  6:48  Drone, Overlord  
  129  6:50  Overlord  
  130  6:57  Overlord  
  130  7:00  Queen  
  129  7:05  Overlord  
  129  7:06  Infestation Pit  
  124  7:09  Drone  
  124  7:10  Drone  
  124  7:14  Roach x9  
  144  7:19  Overlord  
  144  7:27  Overseer  
  144  7:33  Hatchery  
  143  7:38  Zergling x20  
  153  7:47  Overlord  
  153  7:50  Overlord  
  153  7:52  Swarm Host x4  
  165  7:59  Swarm Host  
  165  8:01  Overlord  
  168  8:08  Overlord x2  
  168  8:09  Swarm Host x2  
  173  8:19  Roach x5  
  173  8:29  Roach x4  
  171  8:38  Roach x3  
  164  8:45  Overlord x2  
  156  8:51  Ravager x5  
  156  8:52  Ravager, Swarm Host  
  156  8:55  Swarm Host  
  168  9:04  Swarm Host x2  
  168  9:05  Extractor x2, Swarm Host  
  175  9:11  Swarm Host  
  175  9:15  Drone x4  
  177  9:27  Swarm Host  
  179  9:33  Overlord  
  179  9:36  Roach x3  
  185  9:40  Hatchery  
  179  9:56  Overlord, Swarm Host x4  
  189  10:00  Zerg Missile Weapons Level 2  
  189  10:05  Drone x2  
  189  10:15  Swarm Host  
  189  10:16  Swarm Host x2  
  198  10:21  Overlord  
  198  10:30  Overseer  
  198  10:32  Nydus Network  
  197  10:38  Overseer  
  193  10:59  Overseer  
  193  11:03  Overseer  
  188  11:10  Drone x4  
  192  11:11  Drone x11  
  199  11:23  Nydus Canal  
  199  11:30  Ravager  
  199  11:32  Spine Crawler  
  195  11:46  Roach x11  
  180  11:52  Roach x2  
Show
View Real Time Build Order
Export as new Build Order

OGZest Protoss - Winner!

Build Orders: 1 Gate Expand, Archon Immortal 

Get SALT Encoding   

  12  0:00  Probe  
  13  0:12  Probe  
  14  0:17  Pylon  
  14  0:24  Probe  
  15  0:32  Probe  
  15  0:38  Gateway  
  15  0:40  Probe  
  16  0:47  Assimilator  
  17  0:51  Probe  
  18  1:03  Probe  
  19  1:15  Probe  
  20  1:25  Nexus  
  20  1:34  Cybernetics Core  
  20  1:38  Probe  
  21  1:43  Assimilator  
  21  1:50  Probe  
  21  1:53  Pylon  
  22  2:01  Adept  
  22  2:02  Probe  
  23  2:14  Probe  
  26  2:16  Robotics Facility  
  26  2:20  Warp Gate  
  26  2:26  Probe  
  27  2:32  Sentry  
  27  2:33  Probe  
  30  2:38  Probe  
  30  2:41  Probe  
  31  2:50  Probe  
  31  2:51  Probe  
  33  2:53  Warp Prism  
  33  2:58  Sentry  
  36  3:02  Probe  
  36  3:03  Probe  
  40  3:14  Probe, Pylon  
  40  3:15  Probe  
  42  3:21  Immortal  
  42  3:22  Gateway  
  42  3:27  Probe  
  47  3:36  Sentry  
  47  3:37  Pylon  
  49  3:51  Immortal  
  49  3:52  Gateway  
  49  3:53  Gateway  
  53  4:10  Adept  
  53  4:14  Gateway  
  53  4:15  Gateway  
  55  4:20  Gateway  
  55  4:24  Observer  
  56  4:32  Sentry  
  58  4:38  Pylon  
  58  4:39  Pylon  
  58  4:40  Gateway  
  58  4:42  Adept  
  60  4:49  Pylon  
  60  4:53  Sentry  
  60  4:56  Zealot x2  
  66  5:03  Pylon  
  66  5:07  Probe  
  66  5:08  Probe  
  66  5:10  Assimilator  
  66  5:11  Assimilator  
  68  5:16  Probe  
  68  5:17  Probe  
  68  5:20  Immortal  
  74  5:24  Probe  
  74  5:25  Probe  
  74  5:34  Probe x2  
  76  5:36  Pylon  
  76  5:41  Pylon  
  78  5:45  Pylon  
  78  5:46  Probe x2, Twilight Council  
  80  6:00  Immortal  
  80  6:02  Forge  
  84  6:05  Stalker  
  84  6:07  Stalker  
  88  6:24  Protoss Ground Weapons Level 1  
  88  6:25  Charge  
  88  6:37  Immortal  
  92  6:40  Templar Archives  
  91  6:58  Probe x2  
  93  7:04  Observer  
  93  7:09  Immortal, Nexus  
  93  7:11  Pylon  
  95  7:22  High Templar x2, Pylon  
  101  7:23  Zealot x5  
  101  7:27  Archon  
  111  7:32  Zealot  
  113  7:37  Photon Cannon, Shield Battery  
  113  7:48  High Templar x2  
  113  7:49  Zealot x3  
  123  7:53  Archon  
  123  7:56  Zealot  
  125  8:03  Zealot x2  
  129  8:12  Zealot x2  
  123  8:37  Zealot x7  
  123  8:38  Zealot  
  137  8:41  Protoss Ground Weapons Level 2  
  137  8:45  Immortal  
  139  8:58  Probe x3  
  142  9:04  Pylon  
  142  9:05  Pylon  
  142  9:07  Dark Shrine, Pylon  
  142  9:14  Blink  
  142  9:15  Immortal  
  142  9:31  Probe x3, Assimilator  
  148  9:33  Assimilator  
  149  9:43  Probe x2  
  151  10:03  Immortal  
  151  10:04  Probe x2  
  157  10:16  Probe x2  
  157  10:19  Dark Templar, Pylon  
  157  10:20  Pylon  
  161  10:21  Dark Templar  
  161  10:22  Pylon  
  161  10:23  Dark Templar x2  
  165  10:40  Stalker x4  
  173  10:44  Nexus  
  173  10:55  Stalker x2  
  177  11:01  Immortal  
  173  11:21  Stalker x4  
  173  11:22  Stalker x4  
  153  11:54  Stalker x6  
  153  11:55  Stalker x2  
  151  12:21  Stalker x2  
Tags
 
Add a new tag
Caveats
  • Supply blocks, unpowered buildings, or Contaminate may cause inaccurate times.
  • Supply counts are checked every 10 seconds.